AoeStats
← Maty

Arena

510254682Analyzed
4v4 RM · 2d ago on Sep 30, 2026· 46m 12s· 8 players
Game mode
Random Map
Map size
Large (8 player)
Population
200
Speed
Normal
Resources
Standard
Victory
Conquest
Starting age
Dark Age
Ending age
Imperial Age
RankedLock teamsTeams togetherTeam positionsShared explorationLock speedFull tech treeHidden civsTurbo modeCheats
Victory
Defeat
🇺🇸 Japanese · United States
1441
+15
🇨🇳 Poles · China
1437
+15
🇺🇸 Mongols · United States
1414
+16
🇹🇼 Varangians · Taiwan
1409
+16
🇪🇨 Saxons · Ecuador
1491
-19
🇺🇸 Danes · United States
1448
-17
🇺🇸 Danes · United States
1349
-13
🇵🇪 Tatars · Peru
1348
-13
Pocket Lint
9:00 Loom
10:46 Feudal Age
10:53 Feudal Age
13:31 Fletching
19:52 Castle Age
20:31 Bodkin Arrow
20:35 Double-Bit Axe
20:33 Horse Collar
33:29 Wheelbarrow
34:13 Scale Mail Armor
35:23 Bow Saw
35:36 Gold Mining
35:36 Stone Mining
36:33 Hand Cart
36:35 Squires
36:22 Arson
37:19 Forging
40:06 Chain Mail Armor
40:26 Iron Casting
40:39 Town Watch
41:05 Heavy Plow
41:30 Town Patrol
44:53 Imperial Age
42:36 Pikeman
44:19 Treadmill Crane
44:52 Masonry
46:41 Plate Mail Armor
47:11 Blast Furnace
45:34 Elite Samurai
46:34 Conscription
45:49 Capped Ram
46:35 Siege Engineers
AttilathePun463
10:02 Feudal Age
14:27 Castle Age
12:49 Loom
13:08 Double-Bit Axe
16:05 Fletching
21:21 Bow Saw
21:40 Horse Collar
26:21 Wheelbarrow
29:18 Bodkin Arrow
30:53 Murder Holes
31:08 Fortified Wall
31:19 Ballistics
31:12 Fortified Wall
31:13 Masonry
35:32 Imperial Age
33:18 Hand Cart
33:45 Ballistics
34:23 Padded Archer Armor
35:10 Heavy Plow
35:34 Gold Mining
35:35 Elite Mangudai
36:36 Bracer
36:56 Bloodlines
36:46 Husbandry
37:06 Capped Ram
38:33 Leather Archer Armor
38:27 Thumb Ring
38:48 Parthian Tactics
40:45 Chemistry
40:20 Town Watch
40:27 Gold Mining
40:28 Stone Mining
42:59 Drill
42:59 Conscription
42:02 Siege Ram
45:00 Scale Barding Armor
44:18 Light Cavalry
46:18 Chain Barding Armor
45:28 Hussar
歐吉桑
10:10 Feudal Age
14:09 Castle Age
12:34 Double-Bit Axe
13:00 Horse Collar
23:57 Scale Barding Armor
26:09 Chain Barding Armor
27:00 Wheelbarrow
26:46 Bloodlines
27:30 Forging
28:34 Hand Cart
28:39 Husbandry
31:03 Loom
33:52 Imperial Age
31:43 Gold Mining
31:44 Stone Mining
33:17 Bow Saw
34:04 Cavalier
35:22 Plate Barding Armor
36:07 Stone Shaft Mining
35:10 Vendel Legacy
36:44 Iron Casting
37:01 Conscription
36:51 Town Watch
39:17 Blast Furnace
42:42 Light Cavalry
45:39 Town Patrol
45:51 Caravan
46:21 Coinage
很蓝的啦
3:23 Loom
10:43 Feudal Age
12:50 Double-Bit Axe
15:34 Castle Age
13:39 Stone Mining
14:36 Horse Collar
16:41 Heavy Plow
22:07 Bow Saw
22:40 Wheelbarrow
23:52 Stone Shaft Mining
23:44 Gold Mining
24:32 Stone Shaft Mining
23:55 Loom
24:52 Hand Cart
24:22 Town Watch
25:34 Scale Barding Armor
25:39 Forging
26:05 Szlachta Privileges
26:35 Bloodlines
26:26 Husbandry
29:31 Chain Barding Armor
31:00 Iron Casting
35:06 Imperial Age
35:09 Cavalier
36:55 Blast Furnace
36:39 Conscription
35:43 Capped Ram
37:46 Crop Rotation
37:02 Siege Ram
37:47 Elite Obuch
39:00 Scale Mail Armor
39:21 Lechitic Legacy
41:29 Chain Mail Armor
43:26 Plate Mail Armor
ShiftyShnike
10:05 Feudal Age
13:59 Castle Age
12:02 Double-Bit Axe
12:42 Horse Collar
15:47 Bow Saw
20:16 Wheelbarrow
21:03 Gold Mining
21:15 Heavy Plow
21:05 Loom
22:11 Hand Cart
24:35 Fletching
27:45 Imperial Age
25:53 Padded Archer Armor
25:53 Bodkin Arrow
27:18 Thumb Ring
28:23 Ballistics
28:30 Bracer
29:41 Chemistry
28:44 Cranequins
33:37 Leather Archer Armor
34:52 Ring Archer Armor
36:10 Husbandry
38:08 Heavy Mounted Crossbowman
39:31 Conscription
Treebeard49
9:45 Feudal Age
14:33 Castle Age
12:44 Double-Bit Axe
12:41 Horse Collar
16:57 Bow Saw
26:10 Imperial Age
24:25 Gold Mining
25:47 Wheelbarrow
26:49 Scale Mail Armor
27:32 Forging
28:08 Heavy Plow
30:40 Hand Cart
31:18 Chain Mail Armor
31:39 Iron Casting
30:52 Loom
33:09 Stone Mining
34:35 Conscription
34:50 Plate Mail Armor
34:43 Squires
34:28 Arson
37:52 Blast Furnace
36:50 Elite Varangian Guard
38:17 Elite Jomsviking
40:35 Elite Varangian Guard
41:04 Hamask
Maty
5:42 Loom
8:12 Feudal Age
9:52 Fletching
11:12 Double-Bit Axe
12:44 Horse Collar
23:28 Castle Age
21:38 Gold Mining
24:08 Bodkin Arrow
23:37 Crossbowman
24:30 Bow Saw
24:50 Town Watch
25:41 Wheelbarrow
29:30 Padded Archer Armor
30:12 Heavy Plow
31:54 Ballistics
32:23 Scale Mail Armor
31:43 Pikeman
33:04 Forging
34:27 Treadmill Crane
35:15 Squires
35:02 Gambesons
35:57 Iron Casting
39:41 Imperial Age
37:28 Hand Cart
38:54 Chain Mail Armor
39:40 Arbalester
40:21 Bracer
El_Macho
10:59 Feudal Age
12:17 Wheelbarrow
15:16 Castle Age
13:29 Double-Bit Axe
14:40 Horse Collar
15:14 Bloodlines
23:23 Forging
24:13 Scale Barding Armor
26:49 Stone Mining
27:18 Heavy Plow
27:45 Bow Saw
28:16 Loom
30:41 Gold Mining
33:49 Imperial Age
31:42 Hand Cart
32:32 Iron Casting
34:29 Gold Shaft Mining
34:38 Chain Barding Armor
36:11 Plate Barding Armor
35:15 Heavy Camel Rider
38:39 Blast Furnace
41:03 Conscription
41:56 Husbandry
Connection lost

Rejoining the realm…

Still unreachable

The connection could not be restored.

Session expired

The server has moved on; the page needs a fresh start.